 Dungeon Crawl Stone Soup version 0.31.0-12-g77e489cdc1 (webtiles) character file.

Game seed: 14805969671256845870

22232 Marvel the Severer (level 12, -7/112 HPs)
             Began as a Hill Orc Fighter on Feb 16, 2024.
             Was a High Priest of Beogh.
             Mangled by an ettin
             ... wielding a +0 dire flail
              (31 damage)
             ... on level 14 of the Dungeon.
             The game lasted 00:22:27 (12990 turns).

Marvel the Severer (Hill Orc Fighter)              Turns: 12990, Time: 00:22:28

Health: -7/112     AC: 14    Str: 21 (24) XL:     12   Next: 98%
Magic:  12/12      EV: 10    Int:  6 (8)  God:    Beogh [*****.]
Gold:   608        SH: 11    Dex: 10      Spells: 11/11 levels left

rFire   . . .        n - +6 hand axe of the Final Decision {drain, rC+}
rCold   + . .        c - +0 buckler
rNeg    . . .        H - +1 swamp dragon scales
rPois   +            (no helmet)
rElec   .            u - +0 cloak
rCorr   .            (no gloves)
SInv    .            f - +0 pair of boots
Will    +....        y - amulet of reflection Stlth
                     r - +4 ring of slaying
HPRegen 0.38/turn    B - ring of willpower
MPRegen 0.13/turn

%: reflection
@: brilliant, about to teleport
A: walk on water
a: Renounce Religion, Smiting, Recall Orcish Followers, Give Item to Named
Follower


You were on level 14 of the Dungeon.
You worshipped Beogh.
Beogh was extremely pleased with you.
You visited 1 branch of the dungeon, and saw 14 of its levels.

You collected 762 gold pieces.
You spent 154 gold pieces at shops.

Inventory:

Hand Weapons
 a - a +0 war axe
 l - a +2 rapier of venom
 n - the +6 hand axe of the Final Decision (weapon) {drain, rC+}
   (You found it on level 2 of the Dungeon)

   rC+:       It protects you from cold.
Missiles
 q - 8 boomerangs (quivered)
 t - 12 poisoned darts
 V - 3 curare-tipped darts
Armour
 b - a +0 scale mail
 c - a +0 buckler (worn)
 f - a +0 pair of boots (worn)
 u - a +0 cloak (worn)
 H - +1 swamp dragon scales (worn)
Jewellery
 r - a +4 ring of slaying (left hand)
 y - an amulet of reflection (around neck)
 B - a ring of willpower (right hand)
 G - a ring of magical power
 Q - a +6 ring of intelligence
 T - a ring of wizardry
Wands
 A - a wand of flame (36)
 M - a wand of roots (6)
 W - a wand of light (2)
Scrolls
 g - 3 scrolls of enchant weapon {unknown}
 j - 3 scrolls of torment {unknown}
 k - 17 scrolls of identify {unknown}
 v - a scroll of amnesia {unknown}
 w - 3 scrolls of poison
 C - 2 scrolls of vulnerability {unknown}
 E - 2 scrolls of teleportation
Potions
 d - 4 potions of might
 e - 3 potions of heal wounds
 h - 2 potions of magic {unknown}
 i - 3 potions of attraction
 m - 5 potions of ambrosia
 o - 2 potions of mutation {unknown}
 p - 2 potions of lignification {unknown}
 s - a potion of haste {unknown}
 x - 6 potions of curing
 z - a potion of enlightenment {unknown}
 I - a potion of invisibility {unknown}
 J - a potion of brilliance
 K - a potion of berserk rage {unknown}
Miscellaneous
 N - a phantom mirror
 R - a lightning rod (4/4)


   Skills:
 + Level 11.9 Fighting
 * Level 19.4 Axes
 + Level 1.9 Throwing
 + Level 9.9 Armour
 + Level 9.0 Shields


You had 11 spell levels left.
You didn't know any spells.
Your spell library contained the following spells:

 Spells                   Type           Power      Damage    Failure   Level
 Apportation              Tloc           0%         N/A       65%         1
 Foxfire                  Conj/Fire      0%         2x1d4     65%         1
 Jinxbite                 Hex            0%         N/A       78%         2
 Call Canine Familiar     Summ           0%         N/A       95%         3
 Fugue of the Fallen      Necr           0%         N/A       95%         3
 Hailstorm                Conj/Ice       0%         3d5       95%         3
 Ozocubu's Armour         Ice            0%         N/A       95%         3
 Sigil of Binding         Hex            0%         N/A       95%         3
 Summon Ice Beast         Ice/Summ       0%         N/A       95%         3
 Animate Dead             Necr           0%         N/A       100%        4
 Dimensional Bullseye     Hex/Tloc       0%         N/A       100%        4
 Manifold Assault         Tloc           0%         N/A       100%        4
 Passage of Golubria      Tloc           0%         N/A       100%        4
 Alistair's Intoxication  Alch           0%         N/A       100%        5
 Silence                  Hex/Air        0%         N/A       100%        5
 Plasma Beam              Fire/Air       0%         2x1d10    100%        6
 Sculpt Simulacrum        Ice/Alch       0%         N/A       100%        6
 Starburst                Conj/Fire      0%         6d3       100%        6
 Haunt                    Necr/Summ      0%         N/A       100%        7
 Infestation              Necr           0%         N/A       100%        8
 Lehudib's Crystal Spear  Conj/Erth      0%         10d2      100%        8


Dungeon Overview and Level Annotations

Branches:
Dungeon (14/15)            Temple (0/1) D:7            Lair (0/5) D:11
    Orc (0/2) D:12
 Vaults: D:13-14

Altars:
Ashenzari
Cheibriados
Dithmenos
Elyvilon
Fedhas
Gozag
Hepliaklqana
Kikubaaqudgha
Makhleb
Nemelex Xobeh
Okawaru
Qazlal
Ru
Sif Muna
Trog
Uskayaw
Vehumet
Wu Jian
Xom
Yredelemnul
Zin
The Shining One

Shops:
D:1 :   D:5 !   D:8 *

Annotations:
D:12 3 runed translucent doors, exclusion: obsidian statue, raetorn's ghost, journeyman TrSh


Message History

You block the wolf spider's attack.
You slash the wolf spider!
The wolf spider is almost dead.
The wolf spider hits you. The wolf spider completely misses you.
You hit the wolf spider.
You kill the wolf spider!
Beogh accepts your kill.
Your Shields skill increases to level 9!
You barely miss the hornet. The hornet completely misses you.
You hit the hornet but do no damage. The hornet stings you.
You slash the hornet!
The hornet is heavily wounded.
You block the hornet's attack.
You closely miss the hornet.
The hornet is heavily wounded.
The hornet barely misses you.
You hit the hornet.
The hornet is heavily wounded.
The hornet stings you!
You hit the hornet but do no damage.
The hornet is heavily wounded.
You hit the ettin. You drain the ettin.
The ettin is lightly wounded.
You hit the ettin.
The ettin is moderately wounded.
You hit the ettin. You drain the ettin.
The ettin is moderately wounded.
You block the ettin's attack. x2
You slice the ettin!! You drain the ettin!
The ettin is severely wounded.
You hear a shout!
A centaur comes into view.
It is wielding a +0 battleaxe of electrocution and carrying a wand of roots.
The ettin hits you with a +0 dire flail!!
* * * LOW HITPOINT WARNING * * *
You block the ettin's attack.
You hear a shout!
As you read the scroll of teleportation, it crumbles to dust.
You feel strangely unstable. The ettin closely misses you.
The ettin hits you with a +0 dire flail!!
You die...

#.# #.# #!# #.##
#..# .. ###
####.###########....
...
#..........#........
....
#.##.##...)Cccc.....
..#. #
#.##...@#y....?..
...
#.......#####..c.
... ####....# #..
#### #....# c ##...
......# #....
######## '.... #....
##... ##'


You could see an ettin (drained) and 3 centaurs.

Vanquished Creatures
  A boulder beetle (D:12)
  A centaur warrior (D:14)
  A tengu warrior (D:14)
  3 two-headed ogres
  2 slime creatures (D:12)
  2 deep elf pyromancers
  Pikel (D:9)
  2 wolf spiders (D:14)
  A cyclops (D:12)
  A manticore (D:14)
  4 meliai (D:14)
  Maggie (D:8)
  An unseen horror (D:12)
  5 tengu conjurers
  2 trolls
  A wolf spider simulacrum (D:13)
  A hornet (D:10)
  Sigmund (D:3)
  A shadow (D:12)
  5 wyverns
  A water elemental (D:11)
  16 yaks
  A basilisk (D:12)
  3 vampire mosquitoes
  An acid dragon (D:9)
  A water moccasin (D:7)
  3 black bears
  7 orc warriors
  4 wolves
  2 ogres
  4 centaurs
  2 phantoms
  2 lemures (D:9)
  A weeping skull (D:9)
  A bullfrog (D:9)
  A scorpion (D:5)
  2 gnoll sergeants
  5 wights
  A killer bee (D:10)
  3 howler monkeys
  A bombardier beetle (D:5)
  A quasit (D:5)
  Crazy Yiuf (D:3)
  4 hounds
  2 jellies
  7 orc priests
  A sleepcap (D:5)
  4 iguanas
  10 orc wizards
  6 gnolls
  6 adders
  A shadow imp (D:6)
  2 white imps
  2 ufetubi (D:6)
  2 ribbon worms (D:4)
  25 orcs
  3 endoplasms
  A giant cockroach (D:3)
  5 goblins
  3 hobgoblins
  5 kobolds
  4 quokkas
  7 ball pythons
  4 bats
  2 frilled lizards (D:3)
  A goblin zombie (D:5)
  2 orc skeletons (D:5)
  4 orc zombies (D:5)
  5 rats
  A spectral orc (D:9)
220 creatures vanquished.

Vanquished Creatures (collateral kills)
  2 centaur warriors
  A death knight (D:11)
  A two-headed ogre (D:10)
  3 cyclopes
  3 trolls
  A tarantella (shapeshifter) (D:13)
  A shadow (D:12)
  A centaur simulacrum (D:14)
  5 yaks
  A wraith (D:12)
  2 vampire mosquitoes (D:11)
  An acid dragon (D:13)
  A boggart (shapeshifter) (D:13)
  A wolf (D:11)
  4 centaurs (D:13)
  3 electric eels (D:11)
  A hound (D:11)
  2 orc priests
  An orc wizard (D:12)
  A gnoll (D:12)
  5 orcs
41 creatures vanquished.

Vanquished Creatures (others)
  A vault guard (D:14)
  2 orc knights (D:14)
  4 orc priests
  A wight (D:9)
  A howler monkey (D:9)
  2 orc wizards
  7 orcs
18 creatures vanquished.

Grand Total: 279 creatures vanquished

Notes
Turn   | Place    | Note
-------+----------+-------------------------------------------
     0 | D:1      | Marvel the Hill Orc Fighter began the quest for the Orb.
     0 | D:1      | Reached XP level 1. HP: 19/19 MP: 1/1
   209 | D:1      | Reached XP level 2. HP: 27/27 MP: 2/2
   266 | D:1      | Reached skill level 3 in Axes
   776 | D:1      | Found Tipluhey's Book Shop.
  1103 | D:2      | Identified the +6 hand axe of the Final Decision {drain,
                  | rC+}
  1120 | D:2      | Reached XP level 3. HP: 33/33 MP: 3/3
  1199 | D:2      | Found a broken altar of Ashenzari.
  1649 | D:3      | Noticed Sigmund
  1677 | D:3      | Killed Sigmund
  1678 | D:3      | Reached skill level 5 in Axes
  1678 | D:3      | Reached XP level 4. HP: 32/41 MP: 4/4
  1678 | D:3      | Reached XP level 5. HP: 37/47 MP: 5/5
  1826 | D:3      | Reached XP level 6. HP: 47/53 MP: 6/6
  1835 | D:3      | Became a worshipper of Beogh the Brigand
  1874 | D:3      | Reached skill level 6 in Axes
  2104 | D:3      | Found a shimmering altar of Xom.
  2105 | D:3      | Found a hazy altar of Hepliaklqana.
  2106 | D:3      | Noticed a spectral ugly thing
  2272 | D:3      | Found a runed translucent door.
  2273 | D:3      | Noticed Crazy Yiuf
  2322 | D:3      | Found an ornate altar of the Wu Jian Council.
  2362 | D:3      | Killed Crazy Yiuf
  2560 | D:4      | Noticed a black bear
  2570 | D:4      | Killed a black bear
  2571 | D:4      | Reached skill level 5 in Armour
  2638 | D:4      | Reached skill level 7 in Axes
  2638 | D:4      | Reached XP level 7. HP: 60/60 MP: 7/7
  2753 | D:3      | Reached skill level 5 in Fighting
  2983 | D:4      | Reached skill level 8 in Axes
  3319 | D:5      | Entered Level 5 of the Dungeon
  3338 | D:5      | Reached * piety under Beogh
  3401 | D:5      | Found a glowing golden altar of the Shining One.
  3430 | D:5      | Reached XP level 8. HP: 65/69 MP: 8/8
  3469 | D:5      | Reached skill level 9 in Axes
  3478 | D:5      | Found a burning altar of Makhleb.
  3509 | D:5      | Found Lolom's Distillery.
  3516 | D:5      | Bought a potion of curing for 30 gold pieces
  3516 | D:5      | Bought a potion of ambrosia for 80 gold pieces
  3708 | D:5      | Found an opulent altar of Gozag.
  3722 | D:5      | Found a sacrificial altar of Ru.
  3730 | D:5      | Found an ancient bone altar of Kikubaaqudgha.
  3744 | D:5      | Found a hide-covered altar of Uskayaw.
  4041 | D:6      | Found a snail-covered altar of Cheibriados.
  4108 | D:6      | Found a stormy altar of Qazlal.
  4298 | D:6      | Reached skill level 10 in Axes
  4298 | D:6      | Reached skill level 1 in Throwing
  4615 | D:7      | Found a bloodstained altar of Trog.
  5042 | D:7      | Found a staircase to the Ecumenical Temple.
  5305 | D:8      | Found a broken altar of Ashenzari.
  5350 | D:8      | Reached skill level 11 in Axes
  5351 | D:8      | Noticed Maggie
  5355 | D:8      | Reached XP level 9. HP: 60/75 MP: 9/9
  5360 | D:8      | Killed Maggie
  5536 | D:8      | Found Horinybu's Serpentskin Sales.
  5544 | D:8      | Bought a scroll of poison for 44 gold pieces
  5548 | D:8      | Reached ** piety under Beogh
  5624 | D:8      | Found a blossoming altar of Fedhas.
  5637 | D:8      | Reached skill level 5 in Shields
  5828 | D:8      | Reached skill level 12 in Axes
  5844 | D:8      | Found a shimmering blue altar of Sif Muna.
  6350 | D:9      | Found a white marble altar of Elyvilon.
  6353 | D:9      | Identified the +1 scale mail of Wobboj {rN+++ Will- Regen+
                  | SInv}
  6404 | D:9      | Found a shadowy altar of Dithmenos.
  6424 | D:9      | Reached skill level 13 in Axes
  6701 | D:9      | Noticed Pikel
  6714 | D:9      | Killed Pikel
  6715 | D:9      | Reached XP level 10. HP: 67/86 MP: 10/10
  6921 | D:9      | Found a radiant altar of Vehumet.
  6988 | D:9      | Reached skill level 14 in Axes
  7012 | D:9      | Reached *** piety under Beogh
  7052 | D:9      | Found a basalt altar of Yredelemnul.
  7193 | D:10     | Entered Level 10 of the Dungeon
  7213 | D:10     | Reached skill level 15 in Axes
  7251 | D:10     | Found a glowing silver altar of Zin.
  7362 | D:10     | Noticed a two-headed ogre
  7368 | D:10     | Killed a two-headed ogre
  7525 | D:10     | Noticed a two-headed ogre
  7532 | D:10     | Killed a two-headed ogre
  7533 | D:10     | Reached skill level 16 in Axes
  7533 | D:10     | Reached XP level 11. HP: 93/95 MP: 11/11
  7572 | D:10     | Found a sparkling altar of Nemelex Xobeh.
  7985 | D:11     | Found a staircase to the Lair.
  8196 | D:11     | Reached **** piety under Beogh
  8534 | D:11     | Identified the +4 sling of Amorality {antimagic, +Blink
                  | rPois Dex+2}
  8555 | D:11     | Reached skill level 17 in Axes
  8630 | D:11     | Noticed a two-headed ogre
  8634 | D:11     | Noticed a centaur warrior
  8637 | D:11     | Noticed a death knight
  8641 | D:11     | Killed a two-headed ogre
  8653 | D:11     | Killed a centaur warrior
  8654 | D:11     | Reached skill level 10 in Fighting
  8673 | D:11     | Killed a death knight
  8899 | D:11     | Noticed a cyclops
  8909 | D:11     | Killed a cyclops
  8914 | D:11     | Identified the staff "Beetleslayer" {rCorr Conj Tloc}
  9669 | D:12     | Found a staircase to the Orcish Mines.
  9691 | D:12     | Reached XP level 12. HP: 75/108 MP: 12/12
 10151 | D:12     | Reached skill level 18 in Axes
 10367 | D:12     | Found a runed translucent gate.
 10367 | D:12     | Found a runed translucent gate.
 10367 | D:12     | Found a runed translucent gate.
 10368 | D:12     | Found an opulent altar of Gozag.
 10369 | D:12     | Noticed a boulder beetle
 10369 | D:12     | Noticed raetorn's ghost (journeyman TrSh)
 10400 | D:12     | Noticed a boulder beetle
 10418 | D:12     | Killed a boulder beetle
 10964 | D:13     | Found a hide-covered altar of Uskayaw.
 11336 | D:13     | Noticed a centaur warrior
 11342 | D:13     | Gained Argrim as an ally
 11359 | D:13     | Killed a centaur warrior
 12288 | D:14     | Noticed a tengu warrior
 12297 | D:14     | Killed a tengu warrior
 12369 | D:14     | Noticed a two-headed ogre
 12377 | D:14     | Killed a two-headed ogre
 12378 | D:14     | Reached skill level 19 in Axes
 12471 | D:14     | Found an iron altar of Okawaru.
 12525 | D:14     | Reached ***** piety under Beogh
 12534 | D:14     | Noticed a fire dragon
 12539 | D:14     | Noticed a fire dragon
 12539 | D:14     | Your ally Argrim died
 12547 | D:14     | HP: 5/111 [fire dragon/blast of flame (12)]
 12842 | D:14     | Killed a vault guard
 12956 | D:14     | Noticed a centaur warrior
 12968 | D:14     | Killed a centaur warrior
 12970 | D:14     | Noticed an ettin
 12990 | D:14     | Mangled by an ettin

Illustrated notes

Levels and vault maps discovered:
D:1:      lemuel_arrival_muddy, layout_basic, serial_shops,
          nicolae_lakefront_shop
D:2:      layout_basic, basic_altar, corexii_shack, dreamdust_mushroom_princess
D:3:      layout_basic, regret_index_temple_of_mockery,
          mainiacjoe_overflow_alcove_2, minmay_misc_feat_secret_circle,
          uniq_crazy_yiuf_cottage, uniq_sigmund
D:4:      layout_basic
D:5:      layout_basic, overflow_temple_1_default, nicolae_tso_besieged_by_evil,
          grunt_temple_overflow_cloverleaf, serial_shops, nicolae_diamond_shop
D:6:      layout_basic, lemuel_tele_altar, overflow_temple_1_default
D:7:      layout_loops_cross, trog_three_pillars_becter,
          minmay_temple_entry_proselytizer, dreamdust_princess_bridge,
          kennysheep_nondescript, grunt_ministairs_7, roderic_serpentine_path
D:8:      layout_basic, kennysheep_orc_sif_temple,
          mainiacjoe_overflow_small_starburst, nicolae_overflow_crystal_walls,
          guppyfry_shop_venom, uniq_maggie
D:9:      layout_basic, fiery_altar_vehumet,
          yredelemnul_forgotten_temple_becter, nicolae_dithmenos_shadow_blocks,
          elyvilon_altar_3, uniq_pikel
D:10:     layout_cave_pools, lemuel_round_altar, general_overflow_altar,
          kennysheep_generic_room_10
D:11:     layout_loops_ring, erik_lair_island, grunt_decor_junction,
          minmay_radiant
D:12:     layout_stronghold, erik_orc_4, ebering_ghost_gozag,
          gauntlet_entry_generic, nicolae_twisty_statue_hallways
D:13:     layout_roguey, nicolae_uskayaw_murder_on_the_dancefloor
D:14:     minmay_box_of_curves, layout_loops_cross, ximxim_vaults_locker_room,
          minmay_misc_feat_rugged, david_defended_altar_orc

Skill      XL: |  1  2  3  4  5  6  7  8  9 10 11 12 |
---------------+-------------------------------------+-----
Axes           | 3 5 7 8 11 13 16 17 19 | 19.4
Fighting       | 4 5 6 7 8 10 11 | 11.9
Armour         | 4 5 6 7 8 9 |  9.9
Shields        | 4 5 6 7 9 |  9.0
Throwing       | 1 |  1.9

Action                     |  1- 3 |  4- 6 |  7- 9 | 10-12 || total
---------------------------+-------+-------+-------+-------++-------
  Melee: War axe           |    20 |       |       |       ||    20
         Rapier            |    29 |       |       |       ||    29
         Hand axe          |    17 |    49 |   216 |   336 ||   618
  Throw: Boomerang         |       |       |     7 |     4 ||    11
 Invoke: Convert to Beogh  |       |     1 |       |       ||     1
    Use: Scroll            |       |       |       |     8 ||     8
         Potion            |       |       |       |     8 ||     8
   Stab: Distracted        |       |       |       |     2 ||     2
         Invisible         |       |       |       |     2 ||     2
 Armour: Scale mail        |    44 |    35 |    60 |       ||   139
         Swamp dragon scal |       |       |    50 |   226 ||   276
  Dodge: Dodged            |    22 |    14 |    64 |   110 ||   210
  Block: Buckler           |    13 |     6 |    71 |   126 ||   216
         Reflection        |       |       |     2 |     4 ||     6
